Unix NetHack Version 5.0.0-0 post-release - last build Jul 19 2026 19:10:59 (3aa4ab31751d3886436d94b585a96704892fd477,branch:main).

Game began 2026-07-31 02:44:24, ended 2026-07-31 03:58:44.

HumaRuntu, neutral female human Valkyrie

                                                               --
                                                ##############@)e
     ---------                  ######################        @|.
     |.......|                  #
     |........###################
     |.<...%.|  ###             #
     ------|--
           #
           ####
              ##
        -------.-
        |.......|
        |......^-
        |......%|
        ---------

HumaRuntu the Fighter       St:18/06 Dx:14 Co:17 In:7 Wi:8 Ch:10  Neutral
Dlvl:8  $:259 HP:0(69) Pw:18(18) AC:-7 Xp:8 T:6319  Burdened

Latest messages:
 You resume your meal.
 You finish eating the yeti corpse.
 You find a hidden passage.
 The door opens.
 The massive hammer hits!  Lightning strikes the floating eye!
 You are frozen by the floating eye's gaze!
 An elven dagger misses you.
 It is missed.
 It is hit.
 It is missed.
 It is missed.
 It is missed.
 An elven dagger misses you.
 It is missed.
 It is hit!
 You hear someone reading a scroll of teleportation.
 The Woodland-elf swings her elven broadsword.
 The Woodland-elf hits!
 The Woodland-elf swings her elven broadsword.
 The Woodland-elf hits!
 The Woodland-elf swings her elven broadsword.
 The Woodland-elf hits!
 The Woodland-elf thrusts his elven dagger.
 The Woodland-elf hits!
 The Woodland-elf swings her elven broadsword.
 The Woodland-elf hits!
 The Woodland-elf thrusts his elven dagger.
 The Woodland-elf hits!
 The Woodland-elf swings her elven broadsword.
 The Woodland-elf hits!
 The Woodland-elf thrusts his elven dagger.
 The Woodland-elf hits!
 The Woodland-elf swings her elven broadsword.
 The Woodland-elf hits!
 The Woodland-elf thrusts his elven dagger.
 The Woodland-elf hits!
 The Woodland-elf swings her elven broadsword.
 The Woodland-elf hits!
 The Woodland-elf thrusts his elven dagger.
 The Woodland-elf misses!
 The Woodland-elf swings her elven broadsword.
 The Woodland-elf hits!
 The Woodland-elf thrusts his elven dagger.
 The Woodland-elf hits!
 You die...
 Do you want your possessions identified? [ynq] (y) y
 Do you want to see your attributes? [ynq] (y) y
 Do you want an account of creatures vanquished? [ynaq] (y) y
 Do you want to see your conduct and achievements? [ynq] (y) y
 Do you want to see the dungeon overview? [ynq] (y) y

Inventory:
 Coins    ('$')
  $ - 259 gold pieces
 Weapons  (')')
  b - a +0 dagger (alternate weapon; not wielded)
  k - the rustproof +0 Mjollnir (weapon in right hand)
 Armor    ('[')
  t - a blessed +4 orcish helm (being worn)
  R - a blessed +1 pair of high boots (being worn)
  m - an uncursed +0 alchemy smock with text "If you can't stand the heat, get out of Gehennom!" (being worn)
  Y - an uncursed +2 dwarvish mithril-coat (being worn)
 Comestibles  ('%')
  d - 4 uncursed food rations
  P - an uncursed orange
  B - an uncursed tripe ration
  K - 2 uncursed lichen corpses
  o - an uncursed lizard corpse
 Scrolls  ('?')
  y - an uncursed scroll of amnesia
  v - an uncursed scroll of charging
  u - an uncursed scroll of create monster
  s - a blessed scroll of earth
  I - an uncursed scroll of enchant armor
  Z - a blessed scroll of enchant weapon
  r - an uncursed scroll of enchant weapon
  q - an uncursed scroll of gold detection
  U - a blessed scroll of magic mapping
  F - 2 uncursed scrolls of remove curse
  g - 3 uncursed scrolls of teleportation
 Spellbooks  ('+')
  C - an uncursed spellbook of sleep
 Potions  ('!')
  l - an uncursed potion of booze
  V - an uncursed potion of confusion
  n - an uncursed potion of healing
  x - an uncursed potion of levitation
  O - an uncursed potion of object detection
  D - 2 uncursed potions of restore ability
  T - a cursed potion of see invisible
  A - 2 uncursed potions of sleeping
  E - a potion of holy water
  H - 3 uncursed potions of water
 Rings    ('=')
  i - a blessed +1 ring of gain strength (on right hand)
  w - an uncursed +2 ring of increase accuracy (on left hand)
  X - an uncursed +0 ring of increase accuracy
 Wands    ('/')
  c - a wand of make invisible (0:6)
  z - a wand of secret door detection (0:14)
  N - a wand of speed monster (0:2)
  Q - a blessed wand of striking (0:2)
  M - a cursed wand of striking (0:5)
  W - a wand of teleportation (0:3)
 Tools    ('(')
  e - an uncursed sack containing 3 items
  L - an uncursed lock pick
  S - 2 uncursed tallow candles
  p - an uncursed tin whistle

Contents of the sack:
  a rusty +1 spear
  an uncursed tin of newt meat
  an uncursed spellbook of confuse monster

HumaRuntu the Valkyrie's attributes:

Background:
 You were a Fighter, a level 8 human Valkyrie.
 You were neutral, on a mission for Odin
 who was opposed by Tyr (lawful) and Loki (chaotic).
 You were right-handed.
 You were in the Dungeons of Doom, on level 8.
 You entered the dungeon 6319 turns ago.
 It was nighttime.
 There was a full moon in effect when your adventure ended.
 You had 2361 experience points, 199 more were needed to attain level 9.

Basics:
 You had 0 out of 69 hit points.
 You had all 18 energy points (spell power).
 Your armor class was -7.
 Your wallet contained 259 zorkmids.
 Autopickup was on for '$?!/="+' plus thrown.

Final Characteristics:
 Your strength was 18/06 (base:18/05, limit:18/100).
 Your dexterity was 14 (limit:18).
 Your constitution was 17 (limit:18).
 Your intelligence was 7 (limit:18).
 Your wisdom was 8 (limit:18).
 Your charisma was 10 (limit:18).

Final Status:
 You weren't hungry.
 You were burdened; movement was slightly slowed.
 You were wielding a hammer.
 You were skilled in hammer.

Final Attributes:
 You were piously aligned.
 You were cold resistant.
 You were poison resistant.
 You were acid resistant.
 Your items were protected from acid.
 You were invisible.
 You were stealthy.
 You had a small bonus to hit (+2).
 You were guarded.
 Your spell casting was impaired by metallic armor.
 You were fast.
 You were lucky.
 You are dead.

Miscellaneous:
 You didn't encounter any bones levels.
 Total elapsed playing time was 1 hour, 14 minutes and 19 seconds.

Major events:
 Turn
    1: HumaRuntu the neutral human Valkyrie entered the dungeon
  715: attained the rank of Skirmisher (level 3)
 2185: entered the Gnomish Mines
 2248: attained the rank of Fighter (level 6)
 4030: reached Mine Town
 4340: was bestowed with Mjollnir by Odin
 6319: killed by a Woodland-elf, while frozen by a floating eye's gaze

Spells:
 Name                 Level Category     Fail Retention
 confuse monster        1   enchantment  100%  76%-100%

Skills:
 Fighting Skills
   bare handed combat [Unskilled]
   two weapon combat  [Unskilled]
   riding             [Unskilled]
 Weapon Skills
   dagger             [Basic]
   axe                [Unskilled]
   pick-axe           [Unskilled]
   short sword        [Unskilled]
   broadsword         [Unskilled]
   long sword         [Unskilled]
   two-handed sword   [Unskilled]
   saber              [Unskilled]
   hammer             [Skilled]
   quarterstaff       [Unskilled]
   polearms           [Unskilled]
   spear              [Basic]
   trident            [Unskilled]
   lance              [Unskilled]
   sling              [Unskilled]
 Spellcasting Skills
   attack spells      [Unskilled]
   escape spells      [Unskilled]

Voluntary challenges:
 Character rerolling was not enabled.
 You never genocided any monsters.
 You never polymorphed an object.
 You never changed form.
 You used no wishes.
Achievements:
 You entered a shop.
 You attained the rank of Skirmisher.
 You entered the Gnomish Mines.
 You attained the rank of Fighter.
 You entered Minetown.
 You entered a temple.

 The Dungeons of Doom: levels 1 to 8
    Level 1:
    Level 2:
       An armor shop, some fountains.
    Level 3:
       A general store, a fountain.
    Level 4:
       A fountain, a sink.
       Stairs down to The Gnomish Mines.
    Level 5:
    Level 6:
    Level 7:
       A fountain.
    Level 8: <- You were here.
       Final resting place for
          you, killed by a Woodland-elf, while frozen by a floating eye's gaze.
 The Gnomish Mines: levels 5 to 12
    Level 5:
    Level 6:
    Level 7:
    Level 8:
       Many shops, a temple and an altar to Odin, some fountains.
    Level 9:
    Level 10:
    Level 11:
    Level 12:


Vanquished creatures:
  a small mimic
  a tengu
 an elf mummy
  a giant beetle
  a winter wolf cub
  2 giant spiders
  4 gnome rulers
  a dwarf mummy
  a yeti
  a lizard
  a dingo
  a jaguar
  a raven
  2 snakes
  3 human zombies
  a rope golem
  a bugbear
  a rock piercer
  a rock mole
  a shrieker
 14 gnome leaders
  8 gnomish wizards
  a gray ooze
  4 elf zombies
  a ghoul
  2 giant ants
  a little dog
  a kitten
 15 dwarves
  8 hill orcs
  3 rothes
  2 rabid rats
  a monkey
  5 orc zombies
  6 dwarf zombies
  a werejackal
  4 iguanas
  a killer bee
 an acid blob
  5 hobbits
  a large kobold
  a hobgoblin
  6 giant rats
  2 brown molds
  a yellow mold
  a green mold
  a red mold
 52 gnomes
  a garter snake
  4 gnome zombies
  3 geckos
  5 jackals
  2 foxes
  2 kobolds
  5 goblins
  a sewer rat
  2 bats
  6 lichens
  6 kobold zombies
  3 newts
216 creatures vanquished.

No species were genocided or became extinct.

Game over:
                       ----------
                      /          \
                     /    REST    \
                    /      IN      \
                   /     PEACE      \
                  /                  \
                  |    HumaRuntu     |
                  |      259 Au      |
                  |   killed by a    |
                  |   Woodland-elf   |
                  |                  |
                  |                  |
                  |       2026       |
                 *|     *  *  *      | *
        _________)/\\_//(\/(/\)/\//\/|_)_______

Farvel HumaRuntu the Valkyrie...

You died in The Dungeons of Doom on dungeon level 8 with 10258 points,
and 259 pieces of gold, after 6319 moves.
You were level 8 with a maximum of 69 hit points when you died.

